 Dungeon Crawl Stone Soup version 0.27-a0-1232-gc6a4cbde82 (webtiles) character file.

Game seed: 8544502024687827752

13129 mordus the Basher (level 11, -6/105 HPs)
             Began as a Troll Monk on June 8, 2021.
             Mangled by a black mamba (12 damage)
             ... on level 1 of the Lair of Beasts.
             The game lasted 00:24:36 (10226 turns).

mordus the Basher (Troll Monk)                     Turns: 10226, Time: 00:24:36

Health: -6/105     AC:  8    Str: 29    XL:     11   Next: 71%
Magic:  10/10      EV: 13    Int:  6    God:
Gold:   678        SH:  0    Dex: 14    Spells: 10/10 levels left

rFire    . . .     SeeInvis .   h - +3 giant club "Skullcrusher" {speed, Str+7}
rCold    + . .     Faith    .   (shield currently unavailable)
rNeg     . . .     Spirit   .   U - +1 robe
rPois    .         Reflect  .   m - +2 hat
rElec    .         Harm     .   V - +0 cloak "Hiattus" {Drain Slay+6}
rCorr    +         Rampage  .   (gloves unavailable)
Will     .....                  (boots unavailable)
Stlth    ++........             (no amulet)
HPRegen  1.27/turn              u - ring of protection from cold
MPRegen  0.12/turn              E - ring of resist corrosion

@: lethally poisoned (-6 -> -50)
A: large, unfitting armour, claws 3, regeneration 1, shaggy fur 1, tough skin 1
a: no special abilities


You were on level 1 of the Lair of Beasts.
You visited 2 branches of the dungeon, and saw 13 of its levels.

You collected 678 gold pieces.

Inventory:

Hand Weapons
 a - a +0 mace
 h - the +3 giant club "Skullcrusher" (weapon) {speed, Str+7}
   (You acquired it on level 4 of the Dungeon)

   Attacks with this weapon are significantly faster.
   It affects your strength (+7).
 n - a +3 vorpal flail
 v - a +1 giant spiked club of draining
Missiles
 c - 67 poisoned darts (quivered)
 g - a throwing net
 I - 8 curare-tipped darts
Armour
 b - a +0 robe
 k - a scarf of resistance
 m - a +2 hat (worn)
 o - a +0 robe of the Archmagi
 U - a +1 robe (worn)
 V - the +0 cloak "Hiattus" (worn) {Drain Slay+6}
   (You found it on level 11 of the Dungeon)

   It affects your accuracy and damage with ranged weapons and melee attacks
   (+6).
   It drains your maximum health when unequipped.
Jewellery
 f - a ring of fire
 u - a ring of protection from cold (left claw)
 w - a ring of wizardry
 E - a ring of resist corrosion (right claw)
 S - a ring of protection from fire
Wands
 e - a wand of polymorph (15)
 j - a wand of iceblast (7)
 M - a wand of mindburst (11)
 P - a wand of charming (18)
 Q - a wand of acid (9)
Scrolls
 i - 3 scrolls of identify
 q - 2 scrolls of magic mapping
 x - 4 scrolls of blinking
 B - 6 scrolls of teleportation
 C - a scroll of fog
 F - a scroll of amnesia
 J - a scroll of holy word {unknown}
 K - a scroll of enchant weapon
 L - a scroll of vulnerability
 T - 2 scrolls of brand weapon
 X - a scroll of enchant armour
Potions
 d - 8 potions of curing
 l - a potion of cancellation
 p - 4 potions of brilliance {unknown}
 r - a potion of mutation {unknown}
 s - 2 potions of ambrosia {unknown}
 t - a potion of attraction {unknown}
 z - a potion of heal wounds {unknown}
 A - 2 potions of resistance {unknown}
 D - 3 potions of magic {unknown}
 G - a potion of haste
 H - a potion of degeneration {unknown}
 N - a potion of lignification {unknown}
 O - 2 potions of flight {unknown}
 W - a potion of might {unknown}
Miscellaneous
 R - a condenser vane


   Skills:
 + Level 5.7 Fighting
 * Level 13.2 Maces & Flails
 + Level 2.0 Armour
 + Level 9.1 Dodging
 - Level 1.0 Stealth


You had 10 spell levels left.
You didn't know any spells.
Your spell library contained the following spells:

 Spells                   Type           Power      Damage    Failure   Level
 Foxfire                  Conj/Fire      0%         2x1d4     45%         1
 Freeze                   Ice            0%         1d3       45%         1
 Magic Dart               Conj           0%         1d3       45%         1
 Blink                    Tloc           N/A        N/A       58%         2
 Call Imp                 Summ           0%         N/A       58%         2
 Searing Ray              Conj           0%         3d3       58%         2
 Slow                     Hex            0%         N/A       58%         2
 Conjure Flame            Conj/Fire      0%         6-21      83%         3
 Dazzling Flash           Conj/Hex       0%         N/A       83%         3
 Frozen Ramparts          Ice            0%         1d2       83%         3
 Inner Flame              Hex/Fire       0%         N/A       83%         3
 Mephitic Cloud           Conj/Pois/Air  0%         N/A       83%         3
 Ozocubu's Armour         Ice            0%         N/A       83%         3
 Fulminant Prism          Conj/Hex       0%         3d6       99%         4
 Hailstorm                Conj/Ice       0%         3d3       99%         4
 Iskenderun's Mystic Bla  Conj/Tloc      0%         2d3       99%         4
 Sticky Flame             Conj/Fire      0%         2d3       99%         4
 Fireball                 Conj/Fire      0%         3d3       100%        5
 Metabolic Englaciation   Hex/Ice        0%         N/A       100%        5


Dungeon Overview and Level Annotations

Branches:
Dungeon (11/15)            Temple (0/1) D:4            Lair (2/6) D:10
  Swamp: Lair:2-4    Shoals: Lair:2-4     Snake: Lair:2-4    Spider: Lair:2-4
    Orc: D:9-12

Altars:
Fedhas
Hepliaklqana
Okawaru
Qazlal
Ru
Uskayaw
Wu Jian
Yredelemnul
Zin
The Shining One

Shops:
D:5 [   D:6 *

Annotations:
Lair:1 exclusion: oklob plant


Innate Abilities, Weirdness & Mutations

You are too large for most types of armour.
You have claws for hands.
Your natural rate of healing is unusually fast.
You are covered in fur. (AC +1)
You have tough skin. (AC +1)


Message History

Found a knobbly smoking staff.
No target in view!
You now have 678 gold pieces (gained 20).
B - 6 scrolls of teleportation (gained 1)
Found a stone staircase leading down.
No target in view!
Found a scroll of immolation.
No target in view!
A komodo dragon comes into view.
The komodo dragon hisses angrily.
Found a leather armour.
A black mamba comes into view.
The black mamba hisses angrily.
Found 12 arrows.
You barely miss the black mamba. The black mamba bites you!
You barely miss the komodo dragon. The black mamba bites you!
You are poisoned.
The black mamba poisons you!
You completely miss the komodo dragon.
You feel very sick. The black mamba bites you!
You are more poisoned.
The black mamba poisons you! The komodo dragon misses you.
You sock the komodo dragon!
The komodo dragon is moderately wounded.
You feel very sick. The black mamba bites you.
You are more poisoned.
The black mamba poisons you!
You bludgeon the komodo dragon!!
The komodo dragon is severely wounded.
You feel extremely sick. The black mamba bites you!
You are lethally poisoned!
The black mamba poisons you! The komodo dragon bites you!!
* * * LOW HITPOINT WARNING * * *
* * * LOW HITPOINT WARNING * * *
You feel extremely sick. The black mamba bites you!
You die...

,,⌠,,⌠,,⌠...,,,,,,,,,,**
**,,,,,,
,,,,,,,,....#**,,,,,,** **,,,,,
,,,,,⌠,,...[..*,,,,,** **,,,,
,,,,,,,,......**,,*** *,*,,,
,,,,,,,,...⌠..####* *## ****,,
,**,,⌠,,#......#.# ##P## *,*
,**,,,,,*#....l..# ##...### ***
,**,,,,,*#.....S.###......##
***,,,,..##.#(##@..........###
***,,,..#....,,##...........P#
,**,,,...#.#****#............##
#***,,....#* ###......?....##
#######..#* ##...........##
....P#...# ##...........#
.....#...## ##...........
..........# ##......>...
..........# ##.......#*


You could see a komodo dragon and a black mamba.

Vanquished Creatures
  5 two-headed ogres
  A manticore (D:11)
  An ugly thing (D:10)
  A cane toad (Lair:1)
  Psyche (D:11)
  2 trolls (D:11)
  Grinder (D:5)
  Sigmund (D:5)
  3 wyverns
  11 yaks
  A vampire (D:10)
  A wraith (D:11)
  2 steam dragons
  Edmund (D:5)
  Duvessa (D:5)
  A water moccasin (shapeshifter) (D:8)
  A water moccasin (D:8)
  7 orc warriors
  A black bear (D:8)
  A hornet zombie (D:6)
  3 ogres
  A necrophage (D:2)
  A sky beast (D:8)
  4 centaurs
  A phantom (D:4)
  4 kobold brigands
  6 bullfrogs
  A wyvern zombie (D:7)
  A gnoll sergeant (D:8)
  Dowan (D:5)
  6 killer bees (D:9)
  16 wights
  3 centaur zombies
  3 orc priests
  A hound (D:5)
  A centaur skeleton (D:4)
  2 gnoll shamans
  An iguana (D:6)
  15 orc wizards
  2 killer bee zombies
  10 gnolls
  11 adders
  A white imp (D:2)
  An ufetubus (D:4)
  7 worms
  A dart slug (D:2)
  69 orcs
  6 ball pythons
  4 endoplasms
  5 giant cockroaches
  4 hobgoblins
  6 jackals
  4 quokkas
  9 bats
  2 frilled lizards
  13 goblins
  33 kobolds
  7 rats
310 creatures vanquished.

Vanquished Creatures (others)
  A kobold (D:9)
  2 plants (Lair:1)
3 creatures vanquished.

Grand Total: 313 creatures vanquished

Notes
Turn   | Place    | Note
-------+----------+-------------------------------------------
     0 | D:1      | mordus the Troll Monk began the quest for the Orb.
     0 | D:1      | Reached XP level 1. HP: 22/22 MP: 0/0
   144 | D:1      | Reached skill level 3 in Maces & Flails
   163 | D:1      | Reached XP level 2. HP: 29/29 MP: 1/1
   167 | D:1      | Found a faded altar of an unknown god.
   605 | D:1      | Reached XP level 3. HP: 36/36 MP: 2/2
   832 | D:1      | Found an ornate altar of the Wu Jian Council.
  1065 | D:2      | Reached skill level 4 in Maces & Flails
  1065 | D:2      | Reached XP level 4. HP: 27/44 MP: 3/3
  2121 | D:3      | Noticed a necrophage
  2163 | D:2      | Killed a necrophage
  2164 | D:2      | Reached skill level 5 in Maces & Flails
  2164 | D:2      | Reached XP level 5. HP: 29/50 MP: 4/4
  2398 | D:3      | Found a basalt altar of Yredelemnul.
  2400 | D:3      | Noticed a profane servitor
  2410 | D:3      | Found a glowing golden altar of the Shining One.
  2656 | D:3      | Reached XP level 6. HP: 58/59 MP: 5/5
  2782 | D:4      | Found a staircase to the Ecumenical Temple.
  3031 | D:4      | Found a sacrificial altar of Ru.
  3081 | D:4      | Reached skill level 6 in Maces & Flails
  3177 | D:4      | Identified a scroll of acquirement
  3177 | D:4      | Acquired the +3 giant club "Skullcrusher" {speed, Str+7}
  3178 | D:4      | Found the +3 giant club "Skullcrusher" {speed, Str+7}
  3216 | D:4      | Reached XP level 7. HP: 66/66 MP: 6/6
  3591 | D:5      | Entered Level 5 of the Dungeon
  3591 | D:5      | Noticed Sigmund
  3601 | D:5      | Killed Sigmund
  3655 | D:5      | Found Isotucer's Armour Shop.
  3668 | D:5      | Reached skill level 7 in Maces & Flails
  3773 | D:5      | Reached skill level 5 in Dodging
  3773 | D:5      | Reached XP level 8. HP: 66/74 MP: 7/7
  3837 | D:5      | Noticed Dowan
  3838 | D:5      | Noticed Duvessa
  3852 | D:5      | Killed Duvessa
  3872 | D:5      | Killed Dowan
  4044 | D:5      | Noticed Edmund
  4053 | D:5      | Killed Edmund
  4054 | D:5      | Reached skill level 8 in Maces & Flails
  4149 | D:5      | Noticed Grinder
  4150 | D:5      | Paralysed by Grinder for 6 turns
  4165 | D:5      | Killed Grinder
  4218 | D:5      | Found a hazy altar of Hepliaklqana.
  4344 | D:6      | Reached skill level 9 in Maces & Flails
  4533 | D:6      | Reached XP level 9. HP: 80/80 MP: 8/8
  4590 | D:6      | Found Lionkuat's General Store.
  4653 | D:6      | Found a stormy altar of Qazlal.
  5376 | D:7      | Reached skill level 10 in Maces & Flails
  6071 | D:8      | Noticed a two-headed ogre
  6232 | D:8      | Reached skill level 11 in Maces & Flails
  6324 | D:7      | Killed a two-headed ogre
  6325 | D:7      | Reached XP level 10. HP: 33/89 MP: 9/9
  7536 | D:9      | Noticed a two-headed ogre
  7543 | D:9      | Killed a two-headed ogre
  7544 | D:9      | Reached skill level 12 in Maces & Flails
  7885 | D:10     | Entered Level 10 of the Dungeon
  7923 | D:10     | Noticed a two-headed ogre
  7933 | D:10     | Killed a two-headed ogre
  7934 | D:10     | Reached XP level 11. HP: 31/101 MP: 10/10
  7999 | D:10     | Found a hide-covered altar of Uskayaw.
  8001 | D:10     | Found a glowing silver altar of Zin.
  8004 | D:10     | Noticed a purple ugly thing
  8147 | D:10     | Reached skill level 5 in Fighting
  8160 | D:10     | Found an ornate altar of the Wu Jian Council.
  8296 | D:10     | Found an iron altar of Okawaru.
  8369 | D:10     | Found a staircase to the Lair.
  8458 | D:10     | Found a blossoming altar of Fedhas.
  8525 | D:10     | Killed a purple ugly thing
  8797 | D:11     | Noticed a two-headed ogre
  8824 | D:11     | Killed a two-headed ogre
  8825 | D:11     | Reached skill level 1 in Armour
  8959 | D:11     | Noticed Psyche
  8967 | D:11     | Killed Psyche
  8968 | D:11     | Reached skill level 13 in Maces & Flails
  9068 | D:11     | Noticed a two-headed ogre
  9072 | D:11     | Killed a two-headed ogre
  9200 | D:11     | Identified the +0 cloak "Hiattus" {Drain Slay+6}
 10032 | Lair:1   | Entered Level 1 of the Lair of Beasts
 10060 | Lair:1   | Noticed an oklob plant
 10121 | Lair:1   | You fall into a shaft and drop 1 floor!
 10226 | Lair:1   | Mangled by a black mamba

Illustrated notes

Levels and vault maps discovered:
D:1:      dpeg_arrival_water_altar, layout_basic,
          hellmonk_ecumenical_altar_blasted
D:2:      layout_basic, minmay_tetromino_i4
D:3:      minmay_chambers_of_threes, layout_rooms,
          grunt_temple_overflow_holy_war
D:4:      layout_loops_ring, lemuel_crystal_altar,
          minmay_temple_entry_offerings, minmay_statues_item
D:5:      layout_rooms, general_overflow_altar, serial_shops,
          nicolae_shop_statue_plus, uniq_sigmund, uniq_duvessa, uniq_edmund,
          uniq_grinder
D:6:      layout_basic, marbit_many_paths, serial_shops, shop,
          gup_sewer_entry_spiral
D:7:      layout_gridville
D:8:      minmay_four_partial_circles, layout_basic,
          chequers_serial_rivers_room_a
D:9:      layout_long_grid, minmay_misc_feat_four_crosses,
          hangedman_decor_diamond_cutter, minivault_21, eino_jars
D:10:     layout_small_grid, kennysheep_mini_moat,
          fedhas_bush_and_centaur_altar, nicolae_overflow_crystal_walls,
          grunt_temple_overflow_open, lair_entry_dummy
D:11:     layout_layer_cave, chequers_avenue, uniq_psyche
Lair:1:   layout_cave_pods, lemuel_fruit_fields, serial_bayou_shore_b,
          grunt_megastairs_3, minmay_lair_oklob_chamber
Lair:2:   layout_roguey, grunt_megastairs_5, uniq_urug, uniq_fannar, uniq_maggie

Skill      XL: |  1  2  3  4  5  6  7  8  9 10 11 |
---------------+----------------------------------+-----
Maces & Flails | 3 4 5 6 7 9 11 12 13 | 13.2
Dodging        | 3 4 5 6 7 8 9 |  9.1
Fighting       | 4 5 |  5.7
Armour         | 2 |  2.0
Stealth        | |  1.0

Action                   |  1- 3 |  4- 6 |  7- 9 | 10-12 || total
-------------------------+-------+-------+-------+-------++-------
Melee: Mace              |   119 |   247 |       |       ||   366
       Giant spiked club |       |    28 |       |       ||    28
       Giant club        |       |     6 |   334 |   383 ||   723
       Unarmed           |       |       |       |     1 ||     1
  Use: Scroll            |       |    10 |       |     3 ||    13
       Potion            |       |       |     2 |       ||     2
 Stab: Sleeping          |     2 |     5 |     1 |     1 ||     9
Armor: Robe              |    51 |   131 |    71 |    93 ||   346
Dodge: Dodged            |    76 |   187 |   161 |   237 ||   661

Table legend: (Time is in decaauts)
 A = Elapsed time spent in this place.
 B = Non-inter-level travel time spent in this place.
 C = Inter-level travel time spent in this place.
 D = Time resting spent in this place.
 E = Time spent auto-exploring this place.
 F = Levels seen in this place.
 G = Mean time per level.
                   A        B        C        D        E       F      G
               +--------+--------+--------+--------+--------+-----+--------+
         Total |  10143 |   9846 |    297 |    651 |   6727 |  13 |  780.2 |
       Dungeon |   9951 |   9655 |    296 |    651 |   6579 |  11 |  904.6 |
          Lair |    191 |    191 |      0 |      0 |    148 |   2 |   95.5 |
               +--------+--------+--------+--------+--------+-----+--------+

Top non-repeatable levels by time:
    D:11: 1315 daAuts
     D:2: 1088 daAuts
     D:1: 1037 daAuts
     D:7: 977 daAuts
     D:6: 907 daAuts
     D:9: 868 daAuts
     D:3: 825 daAuts
     D:8: 814 daAuts
     D:4: 743 daAuts
    D:10: 715 daAuts
     D:5: 658 daAuts
  Lair:1: 188 daAuts
  Lair:2: 3 daAuts
